 Dungeon Crawl Stone Soup version 0.31-a0-233-g139696dc86 (webtiles) character file.

Game seed: 13668020521974120513

74 qw the Shooter (level 4, -2/36 HPs)
             Began as a Minotaur Hexslinger on July 9, 2023.
             Slain by a gnoll bouda
             ... wielding a +0 whip of flaming
              (9 damage)
             ... on level 3 of the Dungeon.
             The game lasted 00:00:36 (964 turns).

qw the Shooter (Minotaur Hexslinger)                 Turns: 964, Time: 00:00:36

Health: -2/36      AC:  2    Str: 13    XL:     4   Next: 9%
Magic:  4/4        EV: 12    Int: 10    God:
Gold:   56         SH:  0    Dex: 14    Spells: 4/5 levels left

rFire   . . .        Y - +2 sling
rCold   . . .        (no shield)
rNeg    . . .        c - +0 robe
rPois   .            (helmet restricted)
rElec   .            (no cloak)
rCorr   .            (no gloves)
SInv    .            (no boots)
Will    .....        (no amulet)
Stlth   +            (no ring)
HPRegen 0.26/turn    (no ring)
MPRegen 0.09/turn

%: no passive effects
@: weakened
A: horns 2, retaliatory headbutt
a: no special abilities


You were on level 3 of the Dungeon.
You visited 1 branch of the dungeon, and saw 3 of its levels.

You collected 56 gold pieces.


Innate Abilities, Weirdness & Mutations

You have a pair of horns on your head.
You reflexively headbutt those who attack you in melee.


   Skills:
 - Level 2.0 Fighting
 + Level 4.6 Ranged Weapons
 - Level 2.1 Dodging
 - Level 1.0 Spellcasting
 - Level 2.0 Hexes


You had 4 spell levels left.
You knew the following spells:

 Your Spells              Type           Power      Damage    Failure   Level
a - Slow                  Hex            16%        N/A       16%         1

Your spell library contained the following spells:

 Spells                   Type           Power      Damage    Failure   Level
 Inner Flame              Hex/Fire       2%         N/A       56%         3
 Portal Projectile        Hex/Tloc       4%         N/A       56%         3
 Cause Fear               Hex            2%         N/A       83%         4

Inventory:

Hand Weapons
 Y - a +2 sling (weapon)
Armour
 c - a +0 robe (worn)
Jewellery
 d - a ring of fire
Scrolls
 g - a scroll of identify
Potions
 f - a potion of haste {unknown}
 h - a potion of curing {unknown}
 i - a potion of magic {unknown}

Dungeon Overview and Level Annotations

Branches:
Dungeon (2/15)

Altars:


Message History

The gnoll is severely wounded.
The gnoll closely misses you.
You shoot a sling bullet. The sling bullet hits the gnoll.
You kill the gnoll!
You have reached level 4!
You feel stronger.
You shoot a sling bullet.
The sling bullet barely misses the giant cockroach.
The giant cockroach bites you.
You shoot a sling bullet.
The sling bullet closely misses the giant cockroach.
The sling bullet closely misses the gnoll bouda.
The giant cockroach bites you but does no damage.
The gnoll bouda barks out a call to the hunt!
The giant cockroach bites you but does no damage.
You shoot a sling bullet.
The sling bullet hits the giant cockroach.
The giant cockroach is almost dead.
The giant cockroach closely misses you.
You shoot a sling bullet.
The sling bullet hits the giant cockroach.
You kill the giant cockroach!
The gnoll bouda gazes fiercely through you!
You feel your attacks grow feeble.
The gnoll bouda hits you with a +0 whip of flaming!
The gnoll bouda burns you.
You shoot a sling bullet.
The sling bullet hits the gnoll bouda but does no damage.
The gnoll bouda is moderately wounded.
The gnoll is no longer moving quickly.
The gnoll closely misses you.
The gnoll bouda hits you with a +0 whip of flaming!
The gnoll bouda burns you.
The gnoll hits you from afar with a +0 spear.
The gnoll barely misses you. You furiously retaliate!
You headbutt the gnoll. You shoot a sling bullet.
The sling bullet barely misses the gnoll bouda.
The gnoll bouda barks out a call to the hunt!
The gnolls pick up the pace!
The gnoll barely misses you. x2
The gnoll bouda hits you with a +0 whip of flaming!
You die... ... gg. gg.

#g# ### #.# ..
#B# #. #.#
#.##g# #.@gg#
######g.#
#.......#
##.#####.....#
#..# ####..#
#.## ... #.#
.. ##.# #
##..#


You could see a gnoll bouda and 3 gnolls.

Vanquished Creatures
  A gnoll (D:3)
  An adder (D:2)
  2 dart slugs
  5 bats (D:1)
  4 endoplasms (D:1)
  3 giant cockroaches
  7 goblins (D:1)
  6 hobgoblins (D:1)
  4 jackals (D:1)
  5 quokkas (D:1)
  4 frilled lizards (D:1)
  2 rats (D:1)
44 creatures vanquished.

Notes
Turn   | Place    | Note
-------+----------+-------------------------------------------
     0 | D:1      | qw the Minotaur Hexslinger began the quest for the Orb.
     0 | D:1      | Reached XP level 1. HP: 16/16 MP: 1/1
     0 | D:1      | 0 ||| qw: Version: 0.3-a-51-g015441d
     0 | D:1      | 0 ||| qw: Game counter: 4017
     0 | D:1      | 0 ||| qw: Melee chars always use a shield: true
     0 | D:1      | 0 ||| qw: God list: Okawaru
     0 | D:1      | 0 ||| qw: Allow faded altars: false
     0 | D:1      | 0 ||| qw: Do Orc after clearing Dungeon:15 true
     0 | D:1      | 0 ||| qw: Do second Lair branch before Depths: true
     0 | D:1      | 0 ||| qw: Lair rune preference: random
     0 | D:1      | 0 ||| qw: Goals: Normal
     0 | D:1      | 0 ||| PLANNING D:1-11
    49 | D:1      | Reached skill level 3 in Ranged Weapons
    49 | D:1      | Reached XP level 2. HP: 22/23 MP: 2/2
   358 | D:1      | Reached XP level 3. HP: 29/29 MP: 3/3
   627 | D:1      | Reached skill level 4 in Ranged Weapons
   780 | D:1      | 780 ||| READING scroll labelled FOMAICUCLO.
   781 | D:1      | 781 ||| READING 2 scrolls labelled KOHIM EVELL.
   782 | D:1      | 782 ||| DROPPING scroll of poison.
   852 | D:2      | 852 ||| FLEEEEING.
   855 | D:2      | 855 ||| STAIRDANCE
   864 | D:1      | 864 ||| READING scroll labelled GAIXASUATE.
   869 | D:2      | 869 ||| STAIRDANCE
   904 | D:2      | You fall into a shaft and drop 1 floor!
   953 | D:3      | 953 ||| Stepping ~*~*~tactically~*~*~ (outnumbered).
   954 | D:3      | 954 ||| Stepping ~*~*~tactically~*~*~ (outnumbered).
   959 | D:3      | Reached XP level 4. HP: 36/36 MP: 4/4
   963 | D:3      | HP: 7/36 [gnoll/+0 spear[a gnoll bouda] (6)]
   964 | D:3      | Slain by a gnoll bouda

Levels and vault maps discovered:
D:1:      shiori_arrival_oz, layout_basic, nrook_campfire
D:2:      layout_rooms, minmay_misc_feat_encased
D:3:      layout_rooms, shapermc_ecumenical_altar_ellora, wad_orctagon

Skill      XL: |  1  2  3 |
---------------+----------+-----
Ranged Weapons | 3 4 |  4.6
Fighting       | 2 |  2.0
Dodging        | |  2.1
Spellcasting   | |  1.0
Hexes          | |  2.0

Action                     |  1- 3 |  4- 6 || total
---------------------------+-------+-------++-------
   Fire: Sling             |   151 |     6 ||   157
    Use: Scroll            |     3 |       ||     3
 Armour: Robe              |    11 |     2 ||    13
  Dodge: Dodged            |    52 |     5 ||    57

Table legend:
 A = Non-vault XP
 B = Vault XP
 C = Vault XP percentage of total XP
 D = Non-vault monster count
 E = Vault monster count
 F = Vault count percentage of total count
                 A         B        C        D         E       F
            +---------+---------+-------+---------+---------+-------
      Total |     102 |       4 |   3.8 |      42 |       2 |   4.5
            +---------+---------+-------+---------+---------+-------
        D:1 |      66 |       4 |   5.7 |      37 |       2 |   5.1
        D:2 |      17 |       0 |   0.0 |       2 |       0 |   0.0
        D:3 |      19 |       0 |   0.0 |       3 |       0 |   0.0
            +---------+---------+-------+---------+---------+-------
